 Dungeon Crawl Stone Soup version 0.27-a0-760-gc38aae387d (webtiles) character file.

Game seed: 8994611109586745737

93 leviel the Conjurer (level 4, -3/24 HPs)
             Began as a Deep Elf Conjurer on Mar 24, 2021.
             Slain by an adder (4 damage)
             ... on level 3 of the Dungeon.
             The game lasted 00:03:47 (1634 turns).

leviel the Conjurer (Deep Elf Conjurer)             Turns: 1634, Time: 00:03:48

Health: -3/24      AC:  2    Str:  4    XL:     4   Next: 36%
Magic:  0/10       EV: 12    Int: 24    God:
Gold:   52         SH:  0    Dex: 13    Spells: 8/9 levels left

rFire    . . .     SeeInvis .   (no weapon)
rCold    . . .     Faith    .   (no shield)
rNeg     . . .     Spirit   .   a - +0 robe
rPois    .         Reflect  .   (no helmet)
rElec    .         Harm     .   (no cloak)
rCorr    .         Rampage  .   (no gloves)
Will     .....                  (no boots)
Stlth    ++........             (no amulet)
HPRegen  0.08/turn              (no ring)
MPRegen  0.12/turn              (no ring)

@: lethally poisoned (-3 -> -15), about to teleport
A: no striking features
a: no special abilities


You were on level 3 of the Dungeon.
You visited 1 branch of the dungeon, and saw 3 of its levels.

You collected 52 gold pieces.

Inventory:

Armour
 a - a +0 robe (worn)
Wands
 i - a wand of random effects (9)
Scrolls
 b - a scroll of immolation
 f - a scroll of identify
 g - a scroll of fog {unknown}
 h - a scroll of magic mapping {unknown}


   Skills:
 - Level 2.5 Dodging
 - Level 2.5 Stealth
 - Level 3.3 Spellcasting
 + Level 6.2 Conjurations


You had 8 spell levels left.
You knew the following spells:

 Your Spells              Type           Power      Damage    Failure   Level
a - Magic Dart            Conj           100%       1d8       1%          1

Your spell library contained the following spells:

 Spells                   Type           Power      Damage    Failure   Level
 Searing Ray              Conj           68%        3d5       1%          2
 Dazzling Flash           Conj/Hex       38%        N/A       9%          3
 Fulminant Prism          Conj/Hex       9%         3d7       28%         4
 Iskenderun's Mystic Bla  Conj/Tloc      19%        2d6       28%         4


Dungeon Overview and Level Annotations

Branches:
Dungeon (3/15)

Altars:
Yredelemnul

Annotations:
D:2 Terence


Message History

You start resting.
An adder comes into view.
The magic dart hits the adder.
The adder is moderately wounded.
The adder hisses angrily.
You are too depleted to draw on your mana recklessly!
You are too depleted to draw on your mana recklessly!
The magic dart hits the adder.
The adder is moderately wounded.
You completely miss the adder.
The adder is moderately wounded.
The adder bites you but does no damage.
You barely miss the adder.
The adder is moderately wounded.
The adder bites you but does no damage. The adder bites you.
You are poisoned.
The adder poisons you!
The magic dart hits the adder.
The adder is heavily wounded.
You feel very sick. The adder bites you.
You are too injured to fight recklessly!
You closely miss the adder.
The adder is heavily wounded.
You feel sick. The adder bites you.
* * * LOW HITPOINT WARNING * * *
You are lethally poisoned!
The adder poisons you!
You are too injured to fight recklessly!
You closely miss the adder.
The adder is heavily wounded.
* * * LOW HITPOINT WARNING * * *
You feel very sick. The adder misses you. The adder closely misses you.
You aren't carrying any potions.
As you read the scroll of teleportation, it crumbles to dust.
You feel strangely unstable.
* * * LOW HITPOINT WARNING * * *
You feel sick. The adder bites you.
You die...

.......). ######
#........ #....#
#...$.).. #....#
#.......[ #....#
#.......>
#....#####<......#
#..........#####†.
#................
#@S..############
#....# #....#
#....# ######


You could see an adder.

Vanquished Creatures
  Jessica (D:2)
  3 adders
  An orc (D:3)
  2 bats (D:3)
  5 endoplasms
  2 giant cockroaches (D:1)
  5 goblins
  2 hobgoblins (D:1)
  3 kobolds
  2 quokkas (D:1)
  4 ball pythons (D:1)
  4 frilled lizards
  3 rats
37 creatures vanquished.

Notes
Turn   | Place    | Note
-------+----------+-------------------------------------------
     0 | D:1      | leviel the Deep Elf Conjurer began the quest for the Orb.
     0 | D:1      | Reached XP level 1. HP: 10/10 MP: 6/6
   313 | D:1      | Reached XP level 2. HP: 15/15 MP: 6/8
   562 | D:1      | Reached skill level 5 in Conjurations
   915 | D:2      | Reached XP level 3. HP: 19/19 MP: 5/9
  1002 | D:2      | Found a basalt altar of Yredelemnul.
  1077 | D:2      | Noticed Jessica
  1082 | D:2      | Killed Jessica
  1187 | D:2      | Reached skill level 6 in Conjurations
  1187 | D:2      | Reached XP level 4. HP: 24/24 MP: 2/10
  1471 | D:2      | Noticed Terence
  1634 | D:3      | HP: 1/24 [poisoned by an adder]
  1634 | D:3      | Slain by an adder

Illustrated notes

Levels and vault maps discovered:
D:1:      lightli_arrival_maybe_door_vault, layout_loops_ring,
          hangedman_decor_clover_reticule
D:2:      layout_basic, lemuel_round_altar, uniq_terence, uniq_jessica
D:3:      layout_rooms, uniq_natasha

Skill      XL: |  1  2  3 |
---------------+----------+-----
Conjurations   | 5 6 |  6.2
Dodging        | |  2.5
Stealth        | |  2.5
Spellcasting   | |  3.3

Action                   |  1- 3 |  4- 6 || total
-------------------------+-------+-------++-------
Melee: Unarmed           |       |     4 ||     4
 Cast: Magic Dart        |    55 |    26 ||    81
  Use: Potion            |     2 |       ||     2
       Scroll            |       |     4 ||     4
Armor: Robe              |       |     2 ||     2
Dodge: Dodged            |     4 |     6 ||    10

Table legend: (Time is in decaauts)
 A = Elapsed time spent in this place.
 B = Non-inter-level travel time spent in this place.
 C = Inter-level travel time spent in this place.
 D = Time resting spent in this place.
 E = Time spent auto-exploring this place.
 F = Levels seen in this place.
 G = Mean time per level.
                   A        B        C        D        E       F      G
               +--------+--------+--------+--------+--------+-----+--------+
         Total |   1643 |   1609 |     34 |    199 |   1206 |   3 |  547.7 |
       Dungeon |   1643 |   1609 |     34 |    199 |   1206 |   3 |  547.7 |
               +--------+--------+--------+--------+--------+-----+--------+

Top non-repeatable levels by time:
     D:1: 899 daAuts
     D:2: 628 daAuts
     D:3: 115 daAuts
